Map: 월드 오브 슬리퍼스 - 래더

Players

Zest - Winner!

  • Race: Protoss Protoss
  • Spawn Location: 1:00

Armani

  • Race: Zerg Zerg
  • Spawn Location: 7:00

Event: IEM Katowice 2020

VOD

Have the link to the VOD?

Description

Time

  • Played on: Feb. 27, 2020, 2:07 p.m.
  • Length: 10:00

All games in this series

Show
View Real Time Build Order
Export as new Build Order

Zest Protoss - Winner!

Build Orders: 1 Gate Expand, Oracle Opening, Zealot Archon 

Get SALT Encoding   

  12  0:00  Probe  
  13  0:14  Pylon  
  13  0:17  Probe (Chrono Boost)  
  14  0:28  Probe (Chrono Boost)  
  15  0:32  Probe (Chrono Boost)  
  16  0:39  Gateway  
  16  0:43  Probe  
  16  0:49  Assimilator  
  17  0:55  Probe  
  18  1:08  Probe  
  19  1:20  Probe  
  19  1:25  Nexus  
  20  1:35  Cybernetics Core  
  20  1:39  Probe  
  21  1:44  Assimilator  
  21  1:51  Probe  
  22  1:56  Pylon  
  22  2:03  Probe  
  23  2:15  Probe, Adept (Chrono Boost), Stargate  
  26  2:27  Probe  
  26  2:28  Warp Gate  
  27  2:32  Pylon  
  27  2:40  Stalker  
  27  2:42  Probe (Chrono Boost)  
  31  2:47  Probe (Chrono Boost)  
  31  2:50  Probe (Chrono Boost)  
  32  2:54  Probe (Chrono Boost)  
  32  2:56  Probe  
  34  2:59  Oracle (Chrono Boost)  
  34  3:05  Probe  
  38  3:08  Probe  
  38  3:09  Pylon  
  39  3:17  Probe  
  40  3:20  Probe  
  40  3:25  Twilight Council  
  41  3:31  Gateway  
  41  3:35  Gateway  
  41  3:36  Probe x2  
  43  3:44  Gateway  
  43  3:48  Probe x2  
  43  3:53  Pylon  
  43  3:54  Resonating Glaives (Chrono Boost)  
  45  4:05  Probe  
  46  4:13  Nexus  
  46  4:23  Pylon  
  46  4:25  Adept x2  
  50  4:34  Adept  
  50  4:37  Probe x2  
  54  4:39  Pylon  
  54  4:42  Adept  
  56  4:47  Adept x2  
  56  4:49  Assimilator  
  56  4:50  Probe x2  
  56  4:51  Assimilator  
  62  4:55  Adept  
  64  5:01  Pylon  
  64  5:06  Adept  
  66  5:07  Adept x2  
  66  5:13  Pylon  
  70  5:15  Probe  
  70  5:16  Probe  
  72  5:23  Dark Shrine  
  72  5:28  Adept x2  
  72  5:29  Adept x2  
  78  5:52  Adept  
  78  5:53  Adept x3  
  78  5:54  Probe x3 (Chrono Boost)  
  83  6:11  Probe (Chrono Boost)  
  83  6:17  Adept x4  
  84  6:23  Probe x2 (Chrono Boost)  
  84  6:24  Probe (Chrono Boost)  
  83  6:31  Probe x2 (Chrono Boost)  
  79  6:36  Probe (Chrono Boost)  
  78  6:42  Probe x2 (Chrono Boost)  
  79  6:50  Probe x3 (Chrono Boost)  
  79  6:53  Dark Templar x3  
  79  6:54  Charge (Chrono Boost), Dark Templar  
  81  6:56  Probe  
  81  6:57  Robotics Facility  
  81  6:58  Probe, Forge  
  81  7:00  Forge  
  83  7:01  Archon  
  83  7:02  Archon  
  83  7:04  Probe  
  83  7:05  Pylon  
  83  7:06  Assimilator  
  84  7:10  Gateway, Assimilator  
  84  7:11  Gateway  
  84  7:14  Gateway  
  84  7:16  Probe, Gateway  
  84  7:18  Probe  
  86  7:29  Protoss Ground Weapons Level 1 (Chrono Boost)  
  86  7:38  Sentry x2  
  86  7:39  Protoss Shields Level 1 (Chrono Boost), Gateway  
  89  7:44  Gateway  
  89  7:45  Warp Prism  
  89  7:47  Pylon  
  89  7:50  Dark Templar x2  
  95  7:53  Pylon, Photon Cannon  
  95  7:55  Probe x3  
  95  7:58  Photon Cannon  
  98  7:59  Archon  
  98  8:02  Shield Battery  
  98  8:15  Dark Templar x2  
  98  8:16  Dark Templar x2  
  98  8:19  Zealot x2  
  110  8:20  Archon x2  
  110  8:23  Zealot  
  112  8:28  Observer  
  113  8:34  Dark Templar  
  113  8:35  Dark Templar  
  117  8:44  Archon  
  117  8:49  Dark Templar x2, Zealot  
  117  8:50  Zealot x5  
  117  8:53  Archon  
  117  8:55  Pylon  
  133  8:56  Pylon  
  133  9:02  Pylon  
  133  9:03  Pylon  
  129  9:17  Zealot x7  
  129  9:18  Zealot  
  139  9:37  Zealot x7  
  139  9:38  Zealot x3  
Show
View Real Time Build Order
Export as new Build Order

Armani Zerg 

Build Orders: Hatch First 

Get SALT Encoding   

  12  0:00  Drone  
  13  0:13  Overlord  
  13  0:17  Drone  
  14  0:32  Drone x2  
  16  0:43  Drone  
  17  0:55  Hatchery, Drone  
  17  0:59  Drone  
  18  1:09  Extractor  
  17  1:14  Spawning Pool  
  17  1:16  Drone  
  17  1:21  Drone  
  18  1:32  Drone  
  19  1:40  Drone  
  20  1:50  Overlord  
  20  2:01  Queen  
  22  2:07  Queen  
  24  2:09  Zergling x4  
  24  2:10  Metabolic Boost  
  26  2:19  Drone x2  
  28  2:38  Drone  
  28  2:40  Drone  
  28  2:41  Drone  
  28  2:42  Hatchery, Drone  
  31  2:50  Zergling x2  
  32  2:53  Queen  
  34  2:59  Overlord  
  34  3:00  Drone  
  34  3:01  Drone  
  35  3:16  Overlord  
  35  3:18  Drone  
  35  3:19  Drone x2  
  38  3:20  Drone  
  38  3:22  Drone  
  40  3:27  Drone  
  40  3:29  Spore Crawler  
  40  3:38  Zergling x2  
  40  3:39  Zergling x2  
  42  3:42  Overlord  
  42  3:43  Drone  
  43  3:50  Roach Warren  
  43  3:53  Drone  
  43  3:54  Drone  
  45  3:56  Spore Crawler, Evolution Chamber  
  45  3:58  Drone  
  45  4:00  Drone x2  
  45  4:05  Queen  
  45  4:06  Queen  
  45  4:09  Drone  
  51  4:10  Drone  
  51  4:11  Spore Crawler  
  51  4:14  Overlord  
  50  4:21  Drone  
  50  4:24  Drone x3  
  51  4:26  Zerg Melee Weapons Level 1  
  51  4:29  Drone x3  
  56  4:36  Zergling x4  
  56  4:37  Zergling x4  
  61  4:38  Drone  
  61  4:43  Drone x3  
  64  4:46  Overlord  
  64  4:49  Drone x2  
  65  4:56  Baneling Nest  
  65  4:57  Drone  
  65  5:05  Drone x8  
  73  5:07  Overlord  
  73  5:20  Hatchery  
  72  5:24  Zergling x2  
  72  5:26  Zergling x12  
  72  5:27  Spine Crawler  
  78  5:29  Spine Crawler  
  78  5:31  Zergling x2  
  78  5:32  Zergling x2  
  79  5:36  Zergling x6  
  79  5:38  Overlord  
  80  5:42  Baneling  
  80  5:43  Queen, Baneling x6  
  80  5:48  Zergling x8  
  75  5:55  Extractor x2  
  70  6:01  Zergling x14  
  77  6:05  Overlord  
  68  6:13  Zergling x10  
  68  6:15  Drone  
  68  6:16  Drone  
  67  6:22  Zergling x4  
  63  6:27  Zergling x2  
  56  6:38  Queen  
  56  6:39  Zergling x8  
  57  6:48  Drone x4  
  58  6:54  Drone x3  
  61  7:04  Spore Crawler  
  61  7:05  Lair  
  61  7:06  Drone  
  60  7:12  Drone x4  
  60  7:13  Roach Warren  
  60  7:14  Drone x2  
  65  7:17  Drone  
  65  7:18  Drone  
  65  7:21  Extractor  
  63  7:23  Drone  
  63  7:25  Drone x2  
  65  7:33  Drone x6  
  70  7:46  Drone  
  70  7:47  Drone x7  
  70  7:49  Spore Crawler  
  77  7:52  Drone x3  
  77  7:56  Queen  
  82  8:01  Drone  
  82  8:03  Drone x2  
  82  8:04  Drone x2  
  87  8:06  Extractor  
  87  8:09  Spore Crawler x2  
  87  8:10  Glial Reconstitution  
  81  8:17  Roach x6  
  81  8:19  Overseer  
  95  8:21  Overlord  
  95  8:25  Roach x3  
  101  8:32  Roach  
  101  8:33  Overlord  
  103  8:36  Overlord  
  103  8:37  Overlord  
  103  8:39  Drone  
  104  8:41  Roach  
  104  8:42  Roach x2  
  104  8:45  Roach  
  111  8:48  Overlord  
  111  8:51  Overlord  
  111  8:54  Ravager  
  111  8:55  Ravager x4  
  116  8:56  Roach x2  
  116  8:57  Zergling x12  
  116  9:00  Zergling x6  
  114  9:19  Roach x11  
  125  9:31  Zergling x18  
  122  9:36  Baneling x5  
  122  9:38  Baneling  

Tags
 
Add a new tag
Caveats
  • Supply blocks, unpowered buildings, or Contaminate may cause inaccurate times.
  • Supply counts are checked every 10 seconds.